 Dungeon Crawl Stone Soup version 0.30-a0-341-g682706514a (webtiles) character file.

Game seed: 1898622164730955364

32 p00ps00p the Trooper (level 3, -1/33 HPs)
             Began as a Hill Orc Fighter on Nov 1, 2022.
             Killed from afar by an orc wizard (5 damage)
             ... with a puff of flame
             ... on level 3 of the Dungeon.
             The game lasted 00:03:35 (1410 turns).

p00ps00p the Trooper (Hill Orc Fighter)             Turns: 1410, Time: 00:03:35

Health: -1/33      AC:  8    Str: 18    XL:     3   Next: 27%
Magic:  3/3        EV:  9    Int:  8    God:
Gold:   79         SH:  0    Dex: 12    Spells: 2/2 levels left

rFire   . . .      SeeInvis .    a - +0 war axe
rCold   . . .      Faith    .    c - +0 buckler
rNeg    . . .      Spirit   .    b - +0 scale mail
rPois   .          Reflect  .    k - +0 helmet
rElec   .          Harm     .    (no cloak)
rCorr   .          Rampage  .    (no gloves)
Will    .....                    (no boots)
Stlth   ..........               (no amulet)
HPRegen 0.25/turn                (no ring)
MPRegen 0.08/turn                (no ring)

@: confused, mighty, hasted, very quick
A: no striking features
a: no special abilities


You were on level 3 of the Dungeon.
You visited 1 branch of the dungeon, and saw 3 of its levels.

You collected 79 gold pieces.

Inventory:

Hand Weapons
 a - a +0 war axe (weapon)
Missiles
 l - 5 poisoned darts (quivered)
Armour
 b - a +0 scale mail (worn)
 c - a +0 buckler (worn)
 k - a +0 helmet (worn)
Scrolls
 f - 3 scrolls of identify
 g - a scroll of noise
 i - a scroll of enchant armour
 j - a scroll of magic mapping
Potions
 d - 3 potions of might
 e - 2 potions of curing
 h - a potion of haste


   Skills:
 + Level 4.0 Fighting
 * Level 3.5 Axes
 + Level 3.6 Armour
 + Level 3.6 Shields


You had 2 spell levels left.
You didn't know any spells.
Your spell library was empty.

Dungeon Overview and Level Annotations

Branches:
Dungeon (3/15)

Altars:


Message History

The orc wizard casts a spell.
The orc wizard flickers and vanishes!
Something hits you but does no damage. x2
You miss something. You closely miss something.
You hear some strange, mumbled words.
A puff of flame appears from out of thin air!
The puff of flame hits you. You block something's attack.
You miss something. You hit something.
Something hits you but does no damage. x2
You hear some strange, mumbled words.
A magic dart appears from out of thin air!
The magic dart hits you. Something hits you.
Unknown command.
You miss something. You barely miss something.
Something hits you but does no damage. x2
Unknown command.
You closely miss something. You miss something.
You hear some strange, mumbled words.
You are confused.
You hear some strange, mumbled words.
A puff of flame appears from out of thin air!
The puff of flame misses you.
You feel yourself speed up.
Something hits you but does no damage. x2
You feel very mighty all of a sudden. Something hits you.
Something hits you but does no damage.
You bump into the rock wall.
You bump into the rock wall.
Something hits you.
You hear some strange, mumbled words.
A magic dart appears from out of thin air!
The magic dart hits you.
* * * LOW HITPOINT WARNING * * *
You closely miss something. You miss something.
You hear some strange, mumbled words.
A puff of flame appears from out of thin air!
The puff of flame hits you.
* * * LOW HITPOINT WARNING * * *
Something hits you but does no damage.
You miss something. x2; Something hits you but does no damage.
You hear some strange, mumbled words.
A puff of flame appears from out of thin air!
The puff of flame hits you.
You die...

## #..
#...#####################
#.....o{@.....).........#
#.....S{######..........#
#######S# #..........#
#K# ######.##### #o# #.#
.g. #.# .## #.# .. #.# ..
#.#


You could see 2 orcs, a goblin, 2 ball pythons and a kobold.

Vanquished Creatures
  A dart slug (D:1)
  An orc (D:3)
  4 ball pythons
  2 bats (D:1)
  4 endoplasms
  A giant cockroach (D:1)
  3 goblins (D:1)
  3 hobgoblins
  2 quokkas
  2 frilled lizards
  2 kobolds (D:1)
  A rat (D:1)
26 creatures vanquished.

Notes
Turn   | Place    | Note
-------+----------+-------------------------------------------
     0 | D:1      | p00ps00p the Hill Orc Fighter began the quest for the Orb.
     0 | D:1      | Reached XP level 1. HP: 19/19 MP: 1/1
   221 | D:1      | Reached XP level 2. HP: 23/27 MP: 2/2
   938 | D:2      | Reached XP level 3. HP: 28/33 MP: 3/3
  1204 | D:3      | Noticed an ogre
  1215 | D:2      | Reached skill level 4 in Fighting
  1410 | D:3      | Killed from afar by an orc wizard

Illustrated notes

Levels and vault maps discovered:
D:1:      dpeg_arrival_concentric_ovals, layout_basic
D:2:      layout_loops_ring
D:3:      layout_rooms, mainiacjoe_overflow_big_doors,
          nicolae_elevator_lobby_asterisk

Skill      XL: |  1  2  3 |
---------------+----------+-----
Axes           | 3 |  3.5
Fighting       | 4 |  4.0
Armour         | |  3.6
Shields        | |  3.6

Action                   || total
-------------------------++-------
Melee: War axe           ||    71
  Use: Scroll            ||     6
       Potion            ||     2
Armor: Scale mail        ||    40
Dodge: Dodged            ||    40
Block: Buckler           ||    16

Table legend: (Time is in decaauts)
 A = Elapsed time spent in this place.
 B = Non-inter-level travel time spent in this place.
 C = Inter-level travel time spent in this place.
 D = Time resting spent in this place.
 E = Time spent auto-exploring this place.
 F = Levels seen in this place.
 G = Mean time per level.
                   A        B        C        D        E       F      G
               +--------+--------+--------+--------+--------+-----+--------+
         Total |   1435 |   1376 |     59 |     46 |    973 |   3 |  478.3 |
       Dungeon |   1435 |   1376 |     59 |     46 |    973 |   3 |  478.3 |
               +--------+--------+--------+--------+--------+-----+--------+

Top non-repeatable levels by time:
     D:2: 713 daAuts
     D:1: 609 daAuts
     D:3: 112 daAuts
